 Dungeon Crawl Stone Soup version 0.15.0-14-g6bbbb5c (console) character file.

8 gw the Chucker (level 2, 0/24 HPs)
             Began as a Centaur Hunter on Sept 4, 2014.
             Slain by a goblin
             ... wielding a +0 club
              (2 damage)
             ... on Level 1 of the Dungeon.
             The game lasted 00:00:21 (231 turns).

gw the Chucker (Centaur Hunter)                      Turns: 231, Time: 00:00:21

HP   0/24        AC  4     Str 14      XL: 2   Next:  0%
MP   2/2         EV  9     Int 10      God:
Gold 0           SH  0     Dex  9      Spells:  0 memorised,  1 level left

rFire  . . .     SeeInvis .     a - +0 short sword
rCold  . . .     Clarity  .     d - +0 leather armour
rNeg   . . .     rCorr    .     (no shield)
rPois  .         rRot     .     (no helmet)
rElec  .         Spirit   .     (no cloak)
SustAb .         Warding  .     (no gloves)
rMut   .         Stasis   .     (no barding)
Gourm  .                        (no amulet)
MR     .....                    (no ring)
                                (no ring)

@: very quick, not resistant to hostile enchantments, very unstealthy
A: hooves 3, deformed body, speed 2, tough skin 3
a: no special abilities


You were on level 1 of the Dungeon.
You were not hungry.

You visited 1 branch of the dungeon, and saw 1 of its levels.

Inventory:

Hand weapons
 a - a +0 short sword (weapon)
Missiles
 c - 2 throwing nets
 i - 26 stones (quivered)
Armour
 d - a +0 leather armour (worn)
Comestibles
 f - a bread ration
Scrolls
 e - a scroll of identify {unknown}
 g - a scroll of random uselessness {unknown}
 h - a scroll of magic mapping {unknown}


   Skills:
 + Level 2.2 Fighting
 - Level 0.8 Short Blades
 * Level 5.5 Throwing
 + Level 0.3 Armour
 - Level 1.3 Dodging
 - Level 0.5 Stealth


You had one spell level left.
You didn't know any spells.

Dungeon Overview and Level Annotations

Branches:
Dungeon (1/15)

Altars:


Innate Abilities, Weirdness & Mutations

You have hooves in place of feet.
Armour fits poorly on your strangely shaped body.
You cover ground very quickly.
You have extremely tough skin (AC +3).


Message History

The goblin shouts!
The bat hits you. The bat barely misses you.
MOVING TO (6,1)
The bat barely misses you. The bat hits you but does no damage.
MOVING TO (5,1)
The bat barely misses you.
MOVING TO (4,1)
The bat hits you but does no damage.
MOVING TO (3,1)
The bat misses you. The bat closely misses you.
The bat hits you but does no damage. x2
MOVING TO (2,1)
The bat hits you but does no damage. x2
MOVING TO (1,1)
The bat closely misses you. The bat completely misses you.
FLEEEEING!
MOVING TO (-2,6)
The bat hits you but does no damage. x2
The goblin hits you with a club.
You die...

.# .# .# .#
#######
.#########.....##
.#......#.......##
....r..$g........#
#..............gb#
...........(..b.c#
##...(....(..?(..#
#...............#
#.......>.(.....#
##......#.......##
#...#..###.....##
#.....## #######
....### #...#


You could see a goblin and 2 bats.

Table legend:
 A = Turns spent in this place as a percentage of turns spent in the entire game.
 B = Non-inter-level travel turns spent in this place as a percentage of non-inter-level travel turns spent in the entire game.
 C = Inter-level travel turns spent in this place as a percentage of turns spent in this place.
 D = Turns resting spent in this place as a percentage of non-inter-level travel turns spent in this place.
 E = Turns spent auto-exploring this place as a percentage of non-inter-level travel turns spent in this place.
 F = Non-inter-level travel turns spent in this place divided by the number of levels of this place that you've seen.
                   A       B       C       D       E      F
               +-------+-------+-------+-------+-------+----------------------
         Total | 100.0 | 100.0 |   0.0 |   0.0 |   5.7 | 174.0
       Dungeon | 100.0 | 100.0 |   0.0 |   0.0 |   5.7 | 174.0
               +-------+-------+-------+-------+-------+----------------------

Table legend:
 A = Kills in this place as a percentage of kills in entire the game.
 B = Kills by you in this place as a percentage of kills by you in the entire game.
 C = Kills by friends in this place as a percentage of kills by friends in the entire game.
 D = Other kills in this place as a percentage of other kills in the entire game.
 E = Experience gained in this place as a percentage of experience gained in the entire game.
 F = Experience gained in this place divided by the number of levels of this place that you have seen.
                   A       B       C       D       E      F
               +-------+-------+-------+-------+-------+----------------------
         Total | 100.0 | 100.0 |  -nan |  -nan | 100.0 |  12.0
       Dungeon | 100.0 | 100.0 |  -nan |  -nan | 100.0 |  12.0
               +-------+-------+-------+-------+-------+----------------------

Vanquished Creatures
  A giant cockroach (D:1)
  A goblin (D:1)
  2 hobgoblins (D:1)
  A kobold (D:1)
  A giant newt (D:1)
  A rat (D:1)
7 creatures vanquished.

Notes
Turn   | Place    | Note
--------------------------------------------------------------
     0 | D:1      | gw, the Centaur Hunter, began the quest for the Orb.
     0 | D:1      | Reached XP level 1. HP: 17/17 MP: 1/1
   171 | D:1      | Reached XP level 2. HP: 9/24 MP: 2/2
   224 | D:1      | HP: 1/24 [bat (1)]
   231 | D:1      | Slain by a goblin

Action                   || total
-------------------------++-------
Melee: Short sword       ||    16
Throw: Javelin           ||     8
       Stone             ||     4

Vault maps used:
D:1:      sevenhm_arrival_forest_fort_large_2
